 Dungeon Crawl Stone Soup version 0.20.1-1-g8b1a95d (webtiles) character file.

4195 Terrossi the Magician (level 10, -2/67 HPs)
             Began as a Demonspawn Fire Elementalist on Nov 5, 2017.
             Was a Priest of Sif Muna.
             Slain by an unseen horror (7 damage)
             ... on level 10 of the Dungeon.
             The game lasted 01:46:54 (12697 turns).

Terrossi the Magician (DsFE)                       Turns: 12697, Time: 01:46:55

Health: -2/67      AC:  3    Str: 10    XL:     10   Next: 8%
Magic:  22/38      EV: 14    Int: 18    God:    Sif Muna [***...]
Gold:   110        SH:  6    Dex: 14    Spells: 9/24 levels left

rFire    . . .     SeeInvis .   r - staff of power
rCold    . . .     Gourm    .   (no shield)
rNeg     . . .     Faith    .   a - +1 robe
rPois    +         Spirit   .   (no helmet)
rElec    .         Reflect  .   (no cloak)
rCorr    .         Harm     .   (no gloves)
MR       .....                  (no boots)
Stlth    +++++.....             (no amulet)
Regen    0.3/turn               f - ring of flight
MPRegen  0.3/turn               (no ring)

@: no status effects
A: hooves 1, large bone plates 2, high mp 1, nightstalker 3, poison resistance,
spiny 2
a: Divine Energy, Channel Magic, Renounce Religion, Evoke Flight


You were on level 10 of the Dungeon.
You worshipped Sif Muna.
Sif Muna was most pleased with you.
You were not hungry.

You visited 2 branches of the dungeon, and saw 11 of its levels.

You collected 364 gold pieces.
You spent 254 gold pieces at shops.

Inventory:

Missiles
 i - 414 stones (quivered)
Armour
 a - a +1 robe (worn)
Magical Staves
 r - an uncursed staff of power (weapon)
Jewellery
 f - a ring of flight (left hand)
Wands
 o - a wand of iceblast (10/15)
 q - a wand of random effects (48/48)
 s - a wand of random effects (9/48)
 u - a wand of enslavement (19/24)
Scrolls
 e - 4 scrolls of remove curse
 j - 4 scrolls of recharging
 m - a scroll of magic mapping
 n - a scroll of enchant armour
 y - 2 scrolls of identify
Potions
 d - a potion of resistance
 p - 2 potions of haste
Books
 b - a book of Flames

   Spells                             Type                      Level
   a - Flame Tongue                   Conjuration/Fire             1
   b - Throw Flame                    Conjuration/Fire             2
   c - Conjure Flame                  Conjuration/Fire             3
   d - Inner Flame                    Hexes/Fire                   3
   e - Sticky Flame                   Conjuration/Fire             4
   f - Fireball                       Conjuration/Fire             5
 l - a book of Misfortune

   Spells                             Type                      Level
   a - Confusing Touch                Hexes                        1
   b - Confuse                        Hexes                        3
   c - Gell's Gravitas                Translocation                3
   d - Petrify                        Transmutation/Earth          4
   e - Metabolic Englaciation         Hexes/Ice                    5
   f - Yara's Violent Unravelling     Hexes/Transmutation          5
Comestibles
 g - 2 chunks of flesh
 x - 5 royal jellies
 z - 2 bread rations


   Skills:
 + Level 2.0 Fighting
   Level 0.6(0.8) Short Blades
   Level 0.5(0.7) Long Blades
 + Level 0.3 Staves
 + Level 1.8 Throwing
 + Level 4.1 Dodging
 + Level 3.4 Stealth
 + Level 7.7 Spellcasting
 + Level 7.1 Conjurations
 + Level 7.4 Fire Magic


You had 9 spell levels left.
You knew the following spells:

 Your Spells              Type           Power        Failure   Level  Hunger
a - Flame Tongue          Conj/Fire      ####.        1%          1    None
b - Throw Flame           Conj/Fire      ####..       1%          2    None
c - Conjure Flame         Conj/Fire      ####....     1%          3    #......
d - Fireball              Conj/Fire      ####......   14%         5    #####..
e - Sticky Flame          Conj/Fire      ####....     4%          4    ###....


Dungeon Overview and Level Annotations

Branches:
Dungeon (10/15)            Temple (1/1) D:7
   Lair: D:8-11         Orc: D:9-12

Altars:
Ashenzari
Cheibriados
Dithmenos
Elyvilon
Gozag
Hepliaklqana
Kikubaaqudgha
Nemelex Xobeh
Okawaru
Qazlal
Ru
Sif Muna
Trog
Uskayaw
Vehumet
Xom
Yredelemnul
Zin
The Shining One
Beogh

Shops:
D:6 }   D:8 *

Annotations:
D:3 Sigmund
D:4 Lucio's ghost, novice FoBe
D:9 Erolcha; Maurice
D:10 Erica


Innate Abilities, Weirdness & Mutations

You have large cloven feet.
You are mostly covered in large bone plates. (SH +6)
You are completely attuned to the shadows.
You are mostly covered in sharp spines.
You have an increased reservoir of magic. (+10% MP)
Your system is resistant to poisons. (rPois)


Message History

Press: ? - help, Shift-Dir - straight line, f - leopard gecko
Aim: a leopard gecko (clinging, hasn't noticed you)
The flame tongue hits the leopard gecko.
You kill the leopard gecko!
Sif Muna accepts your kill.
You start resting.
Something hits you.
Deactivating autopickup; reactivate with Ctrl-A.
Autopickup is now on.
You start resting.
Something hits you!
* * * LOW HITPOINT WARNING * * *
Deactivating autopickup; reactivate with Ctrl-A.
Something hits you!
* * * LOW HITPOINT WARNING * * *
You block something's attack. Something hits you.
* * * LOW HITPOINT WARNING * * *
Found a twisted bronze wand.
Something hits you!
You die...

#.#.#.#.#.#
#........./
#.#.......#
###########....(.....
............#...@...#
##.######............
#.# #...#.......# #.#
#............ #.#
#...#.#.#.#.# #.#
#...†........ #.#
#........... #.#
#.......... #.#


There were no monsters in sight!

Vanquished Creatures
  Pikel (D:6)
  A queen bee (D:8)
  3 yaks (D:10)
  A water moccasin (D:10)
  2 sky beasts
  3 orc warriors
  A slave (D:6)
  3 ice beasts
  A phantom (D:8)
  3 ogres
  A centaur (D:8)
  2 bullfrogs (D:8)
  A scorpion (D:7)
  12 killer bees (D:8)
  6 howler monkeys
  5 crimson imps
  A bullfrog skeleton (D:7)
  A jelly (D:5)
  3 orc priests
  5 hounds
  6 orc wizards
  An iguana (D:6)
  9 worker ants
  A hound skeleton (D:9)
  A mummy (D:8)
  12 adders
  2 shadow imps (D:8)
  3 oozes
  An adder skeleton (D:5)
  An adder zombie (D:7)
  4 worms
  A dart slug (D:2)
  4 leopard geckos
  29 orcs
  8 giant cockroaches
  4 goblins
  9 hobgoblins
  17 jackals
  12 kobolds
  2 quokkas
  11 bats
  3 frilled lizards
  A jackal skeleton (D:6)
  A quokka zombie (D:8)
  9 rats
208 creatures vanquished.

Vanquished Creatures (others)
  3 slaves (D:6)
  A phantom (D:6)
  A killer bee (D:8)
5 creatures vanquished.

Grand Total: 213 creatures vanquished

Notes
Turn   | Place    | Note
-------+----------+-------------------------------------------
     0 | D:1      | Terrossi the Demonspawn Fire Elementalist began the quest for the Orb.
     0 | D:1      | Reached XP level 1. HP: 13/13 MP: 3/3
   188 | D:1      | Gained mutation: You are partially covered in sharp spines. [demonic ancestry]
   188 | D:1      | Reached XP level 2. HP: 10/19 MP: 0/5
   524 | D:1      | Learned a level 2 spell: Throw Flame
  1239 | D:1      | Gained mutation: You are mostly covered in sharp spines. [demonic ancestry]
  1239 | D:1      | Reached XP level 3. HP: 15/24 MP: 0/6
  2273 | D:2      | Learned a level 3 spell: Conjure Flame
  2282 | D:2      | Found an opulent altar of Gozag.
  2386 | D:2      | Gained mutation: You are slightly more attuned to the shadows. [demonic ancestry]
  2386 | D:2      | Reached XP level 4. HP: 30/30 MP: 0/7
  3515 | D:4      | Gained mutation: You are partially covered in large bone plates. (SH +4) [demonic ancestry]
  3515 | D:4      | Reached XP level 5. HP: 36/36 MP: 3/9
  3582 | D:4      | Noticed Lucio's ghost (novice FoBe)
  4067 | D:3      | Found a sparkling altar of Nemelex Xobeh.
  4183 | D:3      | Found a shadowy altar of Dithmenos.
  4915 | D:3      | Noticed Sigmund
  5171 | D:5      | Entered Level 5 of the Dungeon
  5408 | D:5      | Gained mutation: You are mostly covered in large bone plates. (SH +6) [demonic ancestry]
  5408 | D:5      | Reached XP level 6. HP: 42/42 MP: 0/10
  5891 | D:5      | Found a shimmering altar of Xom.
  5937 | D:5      | Noticed an ice beast
  6342 | D:5      | Reached skill level 1 in Fighting
  6342 | D:5      | Gained mutation: You have large cloven feet. [demonic ancestry]
  6342 | D:5      | Reached XP level 7. HP: 42/48 MP: 12/12
  6470 | D:5      | Reached skill level 1 in Throwing
  6789 | D:5      | Gained mutation: You have an increased reservoir of magic. (+10% MP) [potion of mutation]
  6789 | D:5      | Gained mutation: Your system is resistant to poisons. (rPois) [potion of mutation]
  6902 | D:6      | Learned a level 5 spell: Fireball
  6911 | D:6      | Found a radiant altar of Vehumet.
  6959 | D:6      | Noticed Pikel
  7130 | D:6      | Killed Pikel
  7394 | D:6      | Found Zeipriv's Gadget Shoppe.
  7413 | D:6      | Bought a wand of iceblast (10/15) for 154 gold pieces
  7530 | D:6      | Reached skill level 5 in Fire Magic
  7794 | D:6      | Gained mutation: You are significantly more attuned to the shadows. [demonic ancestry]
  7794 | D:6      | Reached XP level 8. HP: 54/54 MP: 7/16
  8270 | D:7      | Found a staircase to the Ecumenical Temple.
  8279 | Temple   | Entered the Ecumenical Temple
  8288 | Temple   | Became a worshipper of Sif Muna the Loreminder
  9056 | D:7      | Reached skill level 5 in Spellcasting
  9526 | D:7      | Found a bloodstained altar of Trog.
  9630 | D:7      | Reached * piety under Sif Muna
  9640 | D:7      | Learned a level 4 spell: Sticky Flame
 10177 | D:8      | Noticed a queen bee
 10180 | D:8      | Reached skill level 5 in Conjurations
 10191 | D:8      | Killed a queen bee
 10194 | D:8      | Gained mutation: You are completely attuned to the shadows. [demonic ancestry]
 10194 | D:8      | Reached XP level 9. HP: 27/59 MP: 12/19
 10197 | D:8      | Found Coserhaa's Assorted Antiques.
 10390 | D:8      | Reached ** piety under Sif Muna
 10687 | D:8      | Bought 2 scrolls of identify for 100 gold pieces
 11468 | D:8      | You fall through a shaft!
 11468 | D:9      | Noticed Erolcha
 11471 | D:9      | Noticed Maurice
 11480 | D:9      | Noticed a troll
 11745 | D:8      | Found a runed door.
 12030 | D:8      | Reached *** piety under Sif Muna
 12213 | D:8      | Found a roughly hewn altar of Beogh.
 12471 | D:10     | Entered Level 10 of the Dungeon
 12586 | D:10     | Noticed Erica
 12586 | D:10     | Noticed a gargoyle
 12643 | D:10     | Reached XP level 10. HP: 53/67 MP: 21/23
 12697 | D:10     | Slain by an unseen horror

Skill      XL: |  1  2  3  4  5  6  7  8  9 |
---------------+----------------------------+-----
Dodging        | 2 3 4 |  4.1
Fire Magic     | 3 4 5 6 7 |  7.4
Stealth        | 2 3 |  3.4
Conjurations   | 2 3 5 7 |  7.1
Spellcasting   | 3 4 5 7 |  7.7
Fighting       | 1 2 |  2.0
Throwing       | 1 |  1.8
Short Blades   | |  0.6
Long Blades    | |  0.5
Staves         | |  0.3

Action                   |  1- 3 |  4- 6 |  7- 9 | 10-12 || total
-------------------------+-------+-------+-------+-------++-------
Melee: Dagger            |    39 |    82 |     8 |       ||   129
       Kick              |       |       |    12 |     3 ||    15
       Falchion          |       |       |    20 |       ||    20
       Staff             |       |       |    19 |     4 ||    23
Throw: Tomahawk          |    18 |    11 |    13 |       ||    42
       Stone             |       |       |    26 |       ||    26
 Cast: Flame Tongue      |    28 |    40 |   195 |    10 ||   273
       Throw Flame       |    34 |    60 |    80 |     2 ||   176
       Conjure Flame     |       |     1 |    13 |       ||    14
       Sticky Flame      |       |       |    15 |       ||    15
       Fireball          |       |       |     5 |       ||     5
  Use: Scroll            |       |     7 |     9 |     1 ||    17
       Potion            |       |     4 |     5 |     1 ||    10
  Eat: Chunk             |     7 |     3 |    13 |     1 ||    24
       Bread ration      |       |     3 |       |       ||     3
       Royal jelly       |       |     1 |     4 |       ||     5
       Fruit             |       |       |     1 |       ||     1
Armor: Robe              |     8 |    16 |    15 |       ||    39
Dodge: Dodged            |    24 |    42 |    77 |     4 ||   147
Block: Other             |       |    18 |    45 |     8 ||    71
       Rpst.: Falchion   |       |       |     7 |       ||     7
